 Dungeon Crawl Stone Soup version 0.29.1-debian-4-g95531337e3 (webtiles) character file.

Game seed: 11195742479504341569

77 BritishOli the Trooper (level 4, -4/37 HPs)
             Began as a Demonspawn Fighter on Sept 13, 2022.
             Slain by an orc
             ... wielding a +0 trident
              (5 damage)
             ... on level 3 of the Dungeon.
             The game lasted 00:01:18 (1531 turns).

BritishOli the Trooper (Demonspawn Fighter)         Turns: 1531, Time: 00:01:19

Health: -4/37      AC: 11    Str: 19    XL:     4   Next: 13%
Magic:  4/4        EV:  9    Int:  9    God:
Gold:   159        SH:  0    Dex: 12    Spells: 3/3 levels left

rFire   . . .      SeeInvis .   a - +0 long sword
rCold   . . .      Faith    .   c - +0 buckler
rNeg    . . .      Spirit   .   b - +0 scale mail
rPois   .          Reflect  .   (no helmet)
rElec   .          Harm     .   (no cloak)
rCorr   .          Rampage  .   (no gloves)
Will    .....                   q - +0 pair of boots
Stlth   ..........              (no amulet)
HPRegen 0.12/turn               o - +4 ring of protection
MPRegen 0.09/turn               (no ring)

@: confused
A: claws 2, spiny 1
a: no special abilities


You were on level 3 of the Dungeon.
You visited 1 branch of the dungeon, and saw 3 of its levels.

You collected 159 gold pieces.

Inventory:

Hand Weapons
 a - a +0 long sword (weapon)
Missiles
 f - 2 javelins (quivered)
Armour
 b - a +0 scale mail (worn)
 c - a +0 buckler (worn)
 q - a +0 pair of boots (worn)
Jewellery
 o - a +4 ring of protection (left claw)
Scrolls
 g - 2 scrolls of teleportation {unknown}
 i - a scroll of noise {unknown}
 j - a scroll of fear {unknown}
 k - 2 scrolls of enchant weapon {unknown}
 n - a scroll of identify {unknown}
 r - 2 scrolls of amnesia {unknown}
Potions
 d - a potion of might
 e - a potion of attraction {unknown}
 h - a potion of curing {unknown}
 l - 2 potions of heal wounds {unknown}
 m - 2 potions of mutation {unknown}
 p - a potion of flight {unknown}


   Skills:
 + Level 4.1 Fighting
 - Level 2.2 Long Blades
 - Level 3.1 Armour
 - Level 3.0 Shields


You had 3 spell levels left.
You didn't know any spells.
Your spell library contained the following spells:

 Spells                   Type           Power      Damage    Failure   Level
 Summon Small Mammal      Summ           0%         N/A       85%         1
 Cigotuvi's Dreadful Rot  Necr/Pois/Air  0%         N/A       94%         2
 Ensorcelled Hibernation  Hex/Ice        0%         N/A       94%         2
 Passwall                 Tmut/Erth      0%         N/A       94%         2
 Call Canine Familiar     Summ           0%         N/A       99%         3
 Spider Form              Tmut/Pois      0%         N/A       99%         3
 Summon Guardian Golem    Hex/Summ       0%         N/A       99%         3
 Swiftness                Air            0%         N/A       99%         3


Dungeon Overview and Level Annotations

Branches:
Dungeon (3/15)

Altars:


Innate Abilities, Weirdness & Mutations

You have very sharp fingernails.
You are partially covered in sharp spines.


Message History

You block the orc priest's attack. The orc hits you but does no damage.
Your Fighting skill increases to level 4!
You have reached level 4!
You feel stronger.
Your demonic ancestry asserts itself...
Your fingernails sharpen.
You hit the orc priest.
The orc priest is almost dead.
The orc priest hits you with a +0 hand axe.
* * * LOW HITPOINT WARNING * * *
The orc barely misses you.
You hit the orc priest but do no damage.
The orc priest is almost dead.
Something hits you.
* * * LOW HITPOINT WARNING * * *
The orc barely misses you. The orc priest barely misses you.
The orc hits you but does no damage. You block the orc priest's attack.
Something hits you but does no damage.
You barely miss the orc priest.
The orc priest is almost dead.
Something hits you but does no damage.
The orc priest hits you but does no damage.
The orc hits you but does no damage.
Unknown command.
You hit the orc priest but do no damage.
The orc priest is almost dead.
The orc barely misses you.
The orc priest calls down the wrath of Beogh upon you.
Pain shoots through your body!
* * * LOW HITPOINT WARNING * * *
Something hits you but does no damage.
You barely miss the orc priest.
The orc priest is almost dead.
You hear some strange, mumbled words.
You are confused.
The orc priest hits you but does no damage.
The orc hits you but does no damage.
Unknown command.
The orc priest hits you but does no damage.
The orc hits you from afar with a +0 trident.
You die...

#......#
..#...######
#..........#
#..........#
#..........#
#...o......#
#..o.).....#
#..@{......#
##.)<#######
#...###
#..## ...#
..## #


You could see an orc priest and an orc.

Vanquished Creatures
  An orc priest (D:3)
  A worm (D:2)
  4 dart slugs (D:1)
  An orc (D:3)
  2 ball pythons
  2 endoplasms (D:1)
  2 giant cockroaches (D:1)
  3 goblins
  5 hobgoblins
  A kobold (D:1)
  A quokka (D:2)
  2 bats (D:1)
  3 frilled lizards
  7 rats
35 creatures vanquished.

Notes
Turn   | Place    | Note
-------+----------+-------------------------------------------
     0 | D:1      | BritishOli the Demonspawn Fighter began the quest for the
                  | Orb.
     0 | D:1      | Reached XP level 1. HP: 18/18 MP: 1/1
   210 | D:1      | Gained mutation: You are partially covered in sharp spines.
                  | [demonic ancestry]
   210 | D:1      | Reached XP level 2. HP: 17/24 MP: 2/2
   608 | D:1      | Gained mutation: You have sharp fingernails. [demonic
                  | ancestry]
   608 | D:1      | Reached XP level 3. HP: 29/29 MP: 3/3
  1143 | D:2      | Got the Parchment of Wondrous Power
  1526 | D:3      | Reached skill level 4 in Fighting
  1526 | D:3      | Gained mutation: You have very sharp fingernails. [demonic
                  | ancestry]
  1526 | D:3      | Reached XP level 4. HP: 11/37 MP: 4/4
  1529 | D:3      | HP: 1/37 [orc priest/nerve-wracking pain (8)]
  1531 | D:3      | Slain by an orc

Illustrated notes

Levels and vault maps discovered:
D:1:      ebering_trefoil_twist, layout_loops_cross, dreamdust_wishing_well
D:2:      layout_basic
D:3:      layout_rooms, ebering_ecumenical_altar_sacrificial, uniq_robin

Skill      XL: |  1  2  3 |
---------------+----------+-----
Long Blades    | 2 |  2.2
Armour         | 3 |  3.1
Shields        | 3 |  3.0
Fighting       | 4 |  4.1

Action                   |  1- 3 |  4- 6 || total
-------------------------+-------+-------++-------
Melee: Long sword        |    74 |     5 ||    79
Armor: Scale mail        |    41 |     9 ||    50
Dodge: Dodged            |    31 |     4 ||    35
Block: Buckler           |    10 |     1 ||    11
